[ AOE2 MATCH · #506473245 ]
UnrankedMongols vs Mongols
Player's team · LOSS
Rival team · WIN
[ REPLAY ANALYSIS · EXTRACTED FROM THE RECORDED GAME ]
Feudal
7:38
Castle
—
Imperial
—
| APM avg | 46.3 |
| APM peak | 75 |
| eAPM avg | 19.0 |
| Villagers / military | 32 / 0 |
Focus
⚔️ 34.8% · 🌾 65.2%
Feudal
—
Castle
—
Imperial
—
| APM avg | 64.9 |
| APM peak | 83 |
| eAPM avg | 25.8 |
| Villagers / military | 33 / 0 |
Focus
⚔️ 34.3% · 🌾 65.7%
Match map
Initial resources + every placement click. Lines = walls · curves = elevation contours. ◆ gold · ⬟ stone · ● berries · ✦ relic · ◌ wall gap
Your base· Open — unwalled flank
Guthrie_Govan's base· Open — unwalled flank
Smoothed initial terrain · ◌ = detected wall gap · hover for details
Inputs per minute
— Duet Prime - - Guthrie_Govan
Build order — Duet Prime
50 actions detected in the replay
| 0:01 | Queue | Villager (Male) ×4 |
| 0:02 | Build | House |
| 0:03 | Build | House |
| 1:27 | Queue | Villager (Male) |
| 1:27 | Queue | Villager (Male) |
| 1:27 | Queue | Villager (Male) |
| 1:47 | Build | Lumber Camp |
| 1:59 | Queue | Villager (Male) |
| 2:00 | Queue | Villager (Male) |
| 2:14 | Queue | Villager (Male) |
| 2:14 | Queue | Villager (Male) |
| 2:29 | Queue | Villager (Male) |
| 2:58 | Queue | Villager (Male) |
| 2:59 | Queue | Villager (Male) |
| 3:29 | Queue | Villager (Male) |
| 3:29 | Queue | Villager (Male) |
| 3:42 | Queue | Villager (Male) |
| 3:58 | Build | House |
| 3:59 | Queue | Villager (Male) |
| 3:59 | Queue | Villager (Male) |
| 4:33 | Research | Loom |
| 4:38 | Build | Mill |
| 5:03 | Queue | Villager (Male) |
| 5:19 | Research | Feudal Age |
| 6:42 | Build | Barracks |
| 6:45 | Build | Palisade Wall |
| 6:47 | Build | Palisade Wall |
| 7:04 | Build | Lumber Camp |
| 7:05 | Queue | Villager (Male) |
| 7:21 | Build | Lumber Camp |
| 7:36 | Queue | Villager (Male) |
| 7:38 | Age | Feudal Age |
| 8:11 | Build | Lumber Camp |
| 8:17 | Queue | Villager (Male) |
| 8:19 | Build | House |
| 8:53 | Queue | Villager (Male) |
| 9:17 | Queue | Villager (Male) |
| 9:57 | Build | Town Center |
| 10:23 | Build | Palisade Gate |
| 11:18 | Queue | Villager (Male) |
| 11:18 | Queue | Villager (Male) |
| 11:59 | Queue | Villager (Male) |
| 12:07 | Research | Double-Bit Axe |
| 12:20 | Queue | Villager (Male) |
| 12:44 | Queue | Villager (Male) |
| 13:05 | Queue | Villager (Male) |
| 13:06 | Queue | Villager (Male) |
| 13:08 | Build | House |
| 14:43 | Build | Mining Camp |
| 16:14 | Build | Palisade Gate |
Build order — Guthrie_Govan
63 actions detected in the replay
| 0:00 | Queue | Villager (Male) |
| 0:00 | Queue | Villager (Male) |
| 0:00 | Queue | Villager (Male) |
| 0:01 | Queue | Villager (Male) |
| 0:01 | Queue | Villager (Male) |
| 0:02 | Build | House |
| 0:05 | Build | House |
| 1:14 | Build | House |
| 1:29 | Queue | Villager (Male) |
| 1:29 | Queue | Villager (Male) |
| 1:51 | Queue | Villager (Male) |
| 1:59 | Build | Lumber Camp |
| 2:16 | Queue | Villager (Male) |
| 2:37 | Queue | Villager (Male) |
| 2:47 | Queue | Villager (Male) |
| 3:13 | Queue | Villager (Male) |
| 3:21 | Build | House |
| 3:22 | Build | House |
| 3:45 | Queue | Villager (Male) |
| 4:03 | Queue | Villager (Male) |
| 4:38 | Queue | Villager (Male) |
| 4:57 | Research | Loom |
| 5:27 | Build | Mill |
| 5:57 | Queue | Villager (Male) |
| 5:58 | Queue | Villager (Male) |
| 5:58 | Queue | Villager (Male) |
| 6:04 | Queue | Villager (Male) |
| 6:39 | Build | Town Center |
| 6:47 | Build | Town Center |
| 6:57 | Build | Palisade Wall |
| 6:59 | Build | Palisade Wall |
| 7:02 | Build | Palisade Wall |
| 7:06 | Build | Palisade Wall |
| 7:07 | Build | Palisade Wall |
| 7:42 | Queue | Villager (Male) |
| 7:45 | Queue | Villager (Male) |
| 7:47 | Queue | Villager (Male) |
| 7:48 | Queue | Villager (Male) |
| 7:49 | Queue | Villager (Male) |
| 8:33 | Build | Palisade Wall |
| 8:43 | Build | Palisade Wall |
| 8:45 | Build | Palisade Wall |
| 8:48 | Build | Palisade Wall |
| 9:00 | Queue | Villager (Male) |
| 9:33 | Queue | Villager (Male) |
| 11:00 | Build | Town Center |
| 12:03 | Queue | Villager (Male) |
| 12:03 | Queue | Villager (Male) |
| 12:03 | Queue | Villager (Male) |
| 12:19 | Queue | Villager (Male) |
| 12:48 | Build | House |
| 13:38 | Queue | Villager (Male) |
| 14:05 | Build | Mill |
| 15:13 | Queue | Villager (Male) |
| 15:34 | Build | Palisade Wall |
| 15:35 | Build | Palisade Wall |
| 15:56 | Build | House |
| 15:59 | Build | Palisade Wall |
| 16:02 | Build | House |
| 16:04 | Build | House |
| 16:39 | Queue | Villager (Male) |
| 16:46 | Research | Feudal Age |
| 16:46 | Research | Feudal Age |
Match timeline
| 6:42 | Duet Prime · first_building Barracks |
| 6:45 | Duet Prime · wall_segment Palisade Wall x1 |
| 6:47 | Duet Prime · wall_segment Palisade Wall x1 |
| 6:57 | Guthrie_Govan · wall_segment Palisade Wall x1 |
| 6:59 | Guthrie_Govan · wall_segment Palisade Wall x1 |
| 7:02 | Guthrie_Govan · wall_segment Palisade Wall x1 |
| 7:06 | Guthrie_Govan · wall_segment Palisade Wall x1 |
| 7:07 | Guthrie_Govan · wall_segment Palisade Wall x1 |
| 7:38 | Duet Prime · age_up feudal |
| 8:33 | Guthrie_Govan · wall_segment Palisade Wall x1 |
| 8:43 | Guthrie_Govan · wall_segment Palisade Wall x1 |
| 8:45 | Guthrie_Govan · wall_segment Palisade Wall x1 |
| 8:48 | Guthrie_Govan · wall_segment Palisade Wall x1 |
| 15:34 | Guthrie_Govan · wall_segment Palisade Wall x1 |
| 15:35 | Guthrie_Govan · wall_segment Palisade Wall x1 |
| 15:59 | Guthrie_Govan · wall_segment Palisade Wall x1 |
| 16:52 | Duet Prime · resign |
[ AI ANALYSIS · 1 CREDIT ]
What really happened in this match?
Wolo.gg analyzes every decision: build order, eco, micro, common mistakes by bracket. Personalized analysis on WhatsApp or Discord in 30 seconds.
Civ guide
Mongols
Perfil
Jugador #6184971